 Dungeon Crawl Stone Soup version 0.28.0-53-g5a82cb258f (webtiles) character file.

Game seed: 4290203954635794285

681 safid the Digger (level 7, -1/43 HPs)
             Began as a Gargoyle Earth Elementalist on Sept 6, 2022.
             Was an Initiate of Vehumet.
             Killed by divine providence
             ... invoked by an orc priest
              (16 damage)
             ... on level 5 of the Dungeon.
             The game lasted 00:06:00 (5186 turns).

safid the Digger (Gargoyle Earth Elementalist)      Turns: 5186, Time: 00:06:00

Health: -1/43      AC:  6    Str: 11    XL:     7   Next: 61%
Magic:  3/13       EV: 16    Int: 24    God:    Vehumet [......]
Gold:   187        SH:  0    Dex: 10    Spells: 10/14 levels left

rFire   . . .      SeeInvis .   i - +0 short sword
rCold   . . .      Faith    .   (no shield)
rNeg    + . .      Spirit   .   b - +0 robe
rPois   ∞          Reflect  .   (no helmet)
rElec   +          Harm     .   (no cloak)
rCorr   .          Rampage  .   (no gloves)
Will    .....                   (no boots)
Stlth   ++........              (no amulet)
HPRegen 0.14/turn               n - +6 ring of intelligence
MPRegen 0.13/turn               u - +4 ring of evasion

@: very slightly contaminated
A: sickness immunity, AC +4, negative energy resistance 1, electricity
resistance, torment resistance 1, petrification resistance
a: Renounce Religion


You were on level 5 of the Dungeon.
You worshipped Vehumet.
Vehumet was noncommittal.
You visited 2 branches of the dungeon, and saw 6 of its levels.

You collected 187 gold pieces.

Inventory:

Hand Weapons
 i - a +0 short sword (weapon)
Missiles
 c - 123 stones
Armour
 b - a +0 robe (worn)
Jewellery
 n - a +6 ring of intelligence (left hand)
 o - a ring of willpower
 u - a +4 ring of evasion (right hand)
Wands
 r - a wand of paralysis (6)
Scrolls
 a - a scroll of torment {unknown}
 d - a scroll of blinking {unknown}
 f - a scroll of immolation {unknown}
 g - 3 scrolls of teleportation {unknown}
 p - a scroll of identify {unknown}
 s - a scroll of vulnerability {unknown}
Potions
 e - 2 potions of haste {unknown}
 h - a potion of might {unknown}
 j - a potion of magic {unknown}
 k - a potion of brilliance {unknown}
 l - a potion of experience {unknown}
 m - 3 potions of lignification {unknown}
 q - a potion of flight {unknown}
 t - a potion of curing {unknown}
 v - a potion of attraction {unknown}


   Skills:
 + Level 4.2 Fighting
 - Level 2.0 Dodging
 - Level 2.1 Stealth
 + Level 4.1 Spellcasting
 + Level 3.4 Conjurations
 - Level 0.7 Transmutations
 + Level 6.2 Earth Magic


You had 10 spell levels left.
You knew the following spells:

 Your Spells              Type           Power      Damage    Failure   Level
a - Sandblast             Erth           68%        2d15      1%          1
b - Stone Arrow           Conj/Erth      56%        3d10      4%          3

Your spell library contained the following spells:

 Spells                   Type           Power      Damage    Failure   Level
 Passwall                 Tmut/Erth      17%        N/A       3%          2
 Animate Skeleton         Necr           8%         N/A       10%         1
 Pain                     Necr           16%        1d4       10%         1
 Petrify                  Tmut/Erth      21%        N/A       22%         4
 Vampiric Draining        Necr           4%         2d6       28%         3
 Freezing Cloud           Conj/Ice/Air   5%         6-21      86%         5
 Simulacrum               Ice/Necr       2%         N/A       100%        6
 Polar Vortex             Ice            2%         N/A       100%        9


Dungeon Overview and Level Annotations

Branches:
Dungeon (5/15)             Temple (1/1) D:4

Altars:
Cheibriados
Dithmenos
Elyvilon
Fedhas
Gozag
Hepliaklqana
Kikubaaqudgha
Nemelex Xobeh
Qazlal
Ru
Sif Muna
Uskayaw
Vehumet
Wu Jian
Xom
Yredelemnul
Zin
The Shining One

Shops:
D:4 *


Innate Abilities, Weirdness & Mutations

You are immune to sickness and miasma.
Your stone body is resilient. (AC +4)
You are immune to poison.
You resist negative energy. (rN+)
You are resistant to electric shocks. (rElec)
You are resistant to unholy torment.
You are immune to petrification.


Message History

Aim: an orc priest, wielding a +0 whip and wearing a +0 scale mail (75% to hit)
The stone arrow hits the orc priest.
The orc priest is moderately wounded.
The orc priest invokes the aid of Beogh against you.
Beogh smites you! The orc priest closely misses you.
Casting: Stone Arrow (dangerous; 4% risk of failure)
Confirm with . or Enter, or press ? or * to list all spells.
Aiming: Stone Arrow (dangerous; 4% risk of failure)
Press: ? - help, Shift-Dir - straight line, f/p - orc priest
Aim: an orc priest, wielding a +0 whip and wearing a +0 scale mail (moderately wounded, 75% to hit)
You miscast Stone Arrow.
You are very lightly contaminated with residual magic.
Nothing appears to happen.
The orc priest barely misses you.
Casting: Stone Arrow (dangerous; 4% risk of failure)
Confirm with . or Enter, or press ? or * to list all spells.
Aiming: Sandblast (safe; 1% risk of failure)
Press: ? - help, Shift-Dir - straight line, f/p - orc priest
Aim: an orc priest, wielding a +0 whip and wearing a +0 scale mail (moderately wounded, 84% to hit)
The blast of sand hits the orc priest!
The orc priest is almost dead.
The orc priest calls upon Beogh to heal the orc priest.
The orc priest is healed somewhat.
The orc priest misses you. The orc closely misses you.
The orc priest barely misses you.
Casting: Sandblast (safe; 1% risk of failure)
Confirm with . or Enter, or press ? or * to list all spells.
Aiming: Sandblast (safe; 1% risk of failure)
Press: ? - help, Shift-Dir - straight line, f/p - orc priest
Aim: an orc priest, wielding a +0 whip and wearing a +0 scale mail (severely wounded, 84% to hit)
The blast of sand hits the orc priest but does no damage.
The orc priest is severely wounded.
The orc priest mumbles some strange prayers to Beogh against you.
Beogh smites you!
The orc priest hits you but does no damage.
The orc priest hits you with a +0 whip.
You see here 18 gold pieces.
The orc priest calls down the wrath of Beogh upon you.
Pain shoots through your body!
The orc priest calls down the wrath of Beogh upon you.
Beogh smites you!
You die...

.. ...........##.#
...##...........#..
#................. ..
#....o..........## ...
.................##........
...........................
........o.........##.......
.......o.$o......##........
..###....o@................
. #.............##........
##..###.......#.........
####........)..........
###....##...#.#.....
#...##........<...
....##...##.>......
......#............. #....
##............


You could see 3 orc priests and 2 orcs.

Vanquished Creatures
  Sigmund (D:3)
  A black bear (D:4)
  An ogre (D:5)
  A scorpion (D:4)
  4 hounds (D:4)
  A hound skeleton (D:4)
  6 adders
  An adder skeleton (D:4)
  3 worms
  4 dart slugs
  5 orcs (D:3)
  4 ball pythons
  7 endoplasms
  3 giant cockroaches
  7 hobgoblins
  A jackal (D:4)
  2 quokkas
  7 bats
  A frilled lizard (D:2)
  11 goblins
  A jackal skeleton (D:4)
  5 kobolds
  7 rats
84 creatures vanquished.

Notes
Turn   | Place    | Note
-------+----------+-------------------------------------------
     0 | D:1      | safid the Gargoyle Earth Elementalist began the quest for
                  | the Orb.
     0 | D:1      | Reached XP level 1. HP: 10/10 MP: 3/3
   234 | D:1      | Found a faded altar of an unknown god.
   241 | D:1      | Reached XP level 2. HP: 16/16 MP: 5/5
   624 | D:1      | Reached skill level 1 in Fighting
   630 | D:1      | Reached skill level 4 in Earth Magic
   923 | D:2      | Reached XP level 3. HP: 20/20 MP: 2/6
  1293 | D:2      | Found an ancient bone altar of Kikubaaqudgha.
  1351 | D:2      | Reached XP level 4. HP: 12/26 MP: 2/7
  2515 | D:3      | Found a hide-covered altar of Uskayaw.
  2539 | D:3      | Learned a level 3 spell: Stone Arrow
  2654 | D:3      | Noticed Sigmund
  2659 | D:3      | Killed Sigmund
  2660 | D:3      | Reached skill level 1 in Conjurations
  2660 | D:3      | Reached skill level 5 in Earth Magic
  2660 | D:3      | Reached XP level 5. HP: 32/32 MP: 5/10
  2660 | D:3      | Reached XP level 6. HP: 37/37 MP: 5/11
  2774 | D:3      | Found a white marble altar of Elyvilon.
  3307 | D:4      | Found a staircase to the Ecumenical Temple.
  3325 | Temple   | Entered the Ecumenical Temple
  3569 | Temple   | Became a worshipper of Vehumet
  4020 | D:4      | Reached XP level 7. HP: 30/42 MP: 12/12
  4368 | D:4      | Reached skill level 6 in Earth Magic
  4808 | D:4      | Found a hazy altar of Hepliaklqana.
  4815 | D:4      | Found a sparkling altar of Nemelex Xobeh.
  4888 | D:4      | Found Plog's Assorted Antiques.
  5116 | D:5      | Entered Level 5 of the Dungeon
  5186 | D:5      | Killed from afar by an orc priest

Illustrated notes

Levels and vault maps discovered:
D:1:      matt_arrival_refuge, layout_rooms, basic_ecumenical_altar, nrook_uturn
D:2:      layout_rooms, basic_altar, minmay_heptomino_w4
D:3:      layout_rooms, mainiacjoe_overflow_small_starburst,
          nicolae_elyvilon_peaceful_grove, uniq_sigmund
D:4:      layout_basic, amethyst_overflow_temple_binary,
          minmay_temple_entry_purple_smoke, serial_shops, kennysheep_mini_moat,
          serial_forest, infiniplex_forest_straight_2,
          infiniplex_forest_end_double, infiniplex_forest_3_way,
          infiniplex_forest_straight_4, infiniplex_forest_end_3,
          infiniplex_forest_lined_room_3, minmay_fractal_squares_5
D:5:      layout_cave_pools, uniq_crazy_yiuf_cottage
Temple:   eino_temple_water

Skill      XL: |  1  2  3  4  5  6  7 |
---------------+----------------------+-----
Fighting       | 1 3 4 |  4.2
Earth Magic    | 4 5 6 |  6.2
Dodging        | 2 |  2.0
Spellcasting   | 3 4 |  4.1
Conjurations   | 1 2 3 |  3.4
Stealth        | |  2.1
Transmutations | |  0.7

Action                   |  1- 3 |  4- 6 |  7- 9 || total
-------------------------+-------+-------+-------++-------
Melee: Club              |    24 |       |       ||    24
       Unarmed           |     7 |       |       ||     7
       Dagger            |    47 |       |       ||    47
       Short sword       |    42 |   167 |    27 ||   236
 Cast: Sandblast         |    21 |    29 |     8 ||    58
       Stone Arrow       |       |       |     4 ||     4
 Stab: Sleeping          |     1 |     1 |       ||     2
Armor: Robe              |    62 |    72 |    12 ||   146
Dodge: Dodged            |    91 |   167 |    19 ||   277
